 Dungeon Crawl Stone Soup version 0.18.1-2-ga659475 (webtiles) character file.

95 Barrydekale the Magician (level 4, 27/27 HPs)
             Began as an Octopode Wizard on May 7, 2016.
             Quit the game on level 2 of the Dungeon on May 8, 2016.
             The game lasted 00:07:18 (1721 turns).

Barrydekale the Magician (Octopode Wizard)          Turns: 1721, Time: 00:07:19

Health: 27/27      AC:  1    Str:  6    XL:     4   Next: 65%
Magic:  10/10      EV: 12    Int: 21    God:    Xom [..*...]
Gold:   106        SH:  0    Dex: 10    Spells: 4 memorised, 2 levels left

rFire  . . .     SeeInvis .     e - +0 short sword
rCold  . . .     Gourm    .     (no shield)
rNeg   . . .     Faith    .     a - +0 hat
rPois  .         Spirit   .     (no amulet)
rElec  .         Dismiss  .     (no ring)
rCorr  .         Reflect  .     (no ring)
SustAt .         Harm     .     (no ring)
MR     .....                    (no ring)
Stlth  +++.......               (no ring)
                                (no ring)
                                (no ring)
                                (no ring)

@: not resistant to hostile enchantments, fairly stealthy
A: almost no armour, amphibious, 8 rings, constrict 8, camouflage 1, gelatinous
body 1
a: Renounce Religion


You were on level 2 of the Dungeon.
You worshipped Xom.
You were a toy of Xom.
You were not hungry.

You visited 1 branch of the dungeon, and saw 2 of its levels.

You collected 106 gold pieces.

Inventory:

Hand Weapons
 e - a +0 short sword (weapon)
Missiles
 i - 18 poisoned needles
 k - 5 javelins (quivered)
Armour
 a - a +0 hat (worn)
Scrolls
 f - 2 scrolls of remove curse {unknown}
 g - a scroll of amnesia {unknown}
 h - a scroll of enchant weapon {unknown}
 j - 3 scrolls of teleportation {unknown}
Potions
 d - a potion of mutation {unknown}
 l - 2 potions of might {unknown}
Books
 b - a book of Minor Magic

   Spells                             Type                      Level
   a - Magic Dart                     Conjuration                  1
   b - Blink                          Translocation                2
   c - Call Imp                       Summoning                    2
   d - Repel Missiles                 Charms/Air                   2
   e - Slow                           Hexes                        2
   f - Conjure Flame                  Conjuration/Fire             3
   g - Mephitic Cloud                 Conjuration/Poison/Air       3
Comestibles
 c - 3 bread rations
 m - 2 chunks of flesh


   Skills:
 - Level 2.0 Dodging
 - Level 2.6 Stealth
 + Level 4.2 Spellcasting
 * Level 2.7 Conjurations
   Level 1.0 Summonings
 - Level 1.0 Translocations


You had 2 spell levels left.
You knew the following spells:

 Your Spells              Type           Power        Failure   Level  Hunger
a - Magic Dart            Conj           ###.         4%          1    None
b - Blink                 Tloc           N/A          12%         2    #......
c - Conjure Flame         Conj/Fire      ##......     24%         3    ###....
d - Mephitic Cloud        Conj/Pois/Air  #.......     30%         3    ###....


Dungeon Overview and Level Annotations

Branches:
Dungeon (2/15)

Altars:
Xom


Innate Abilities, Weirdness & Mutations

You cannot wear most types of armour.
You are amphibious.
You can wear up to eight rings at the same time.
You can use your tentacles to constrict eight enemies at once.
Your skin changes colour to match your surroundings (Stealth).
Your rubbery body absorbs attacks (AC +1).


Message History

Things that are here:
a dagger; the goblin corpse of Ijyb You start resting.
You are feeling hungry.
You butcher the goblin corpse of Ijyb.
m - 3 chunks of flesh You see here a dagger.
Eat one of 3 chunks of flesh? (ye/n/q/i?) This raw flesh tastes terrible.
You continue eating. x2
You start resting.
HP restored.
There is a faded altar to an unknown god here.
This altar will convert you to a god.
You cannot discern which.
Do you pray? Xom accepts your prayer! Xom welcomes you!
Welcome back, Barrydekale the Octopode Wizard.
Xom titters.
Press ? for a list of commands and other information.
Are you sure you want to abandon this character and quit the game? (Confirm with "yes".)

########## #....[...##
#....8....# ######
#...8.8...# .....#
#..8.@.8..# .....#
#...8.8...#
.....#######....8....#####
.....##..................#
.....##........#####)###.#
.....##..................#
....(.........<#####.######
............... #......#
........##.## ######.#


There were no monsters in sight!

Vanquished Creatures
  Ijyb (D:2)
  3 adders (D:2)
  An ooze (D:1)
  A worm (D:2)
  A dart slug (D:1)
  A giant gecko (D:1)
  A giant cockroach (D:1)
  2 goblins
  2 hobgoblins (D:2)
  6 jackals
  3 kobolds
  5 bats (D:1)
  3 giant newts
  5 rats
35 creatures vanquished.

Notes
Turn   | Place    | Note
--------------------------------------------------------------
     0 | D:1      | Barrydekale the Octopode Wizard began the quest for the Orb.
     0 | D:1      | Reached XP level 1. HP: 11/11 MP: 4/4
   245 | D:1      | Reached XP level 2. HP: 17/17 MP: 0/6
   751 | D:1      | Reached XP level 3. HP: 18/21 MP: 5/8
   755 | D:1      | Learned a level 2 spell: Blink
   759 | D:1      | Learned a level 3 spell: Conjure Flame
   763 | D:1      | Learned a level 3 spell: Mephitic Cloud
  1088 | D:2      | Reached skill level 4 in Spellcasting
  1180 | D:2      | Noticed Ijyb
  1355 | D:2      | Reached XP level 4. HP: 26/27 MP: 8/10
  1630 | D:2      | Found a faded altar to an unknown god.
  1640 | D:2      | Killed Ijyb
  1721 | D:2      | Became a worshipper of Xom the Fickle
  1721 | D:2      | Upgraded the game from 0.18.1-1-g2f07953 to 0.18.1-2-ga659475
  1721 | D:2      | Quit the game

Skill      XL: |  1  2  3 |
---------------+----------+-----
Spellcasting   | 4 |  4.2
Conjurations   | 2 |  2.7
Dodging        | |  2.0
Stealth        | |  2.6
Summonings     | |  1.0
Translocations | |  1.0

Action                   |  1- 3 |  4- 6 || total
-------------------------+-------+-------++-------
Melee: Unarmed           |     5 |       ||     5
       Constrict         |     7 |     1 ||     8
       Short sword       |    22 |     5 ||    27
       Tentacles         |     1 |       ||     1
 Cast: Magic Dart        |    61 |    27 ||    88
       Mephitic Cloud    |       |     3 ||     3
 Stab: Sleeping          |     3 |       ||     3
  Eat: Chunk             |     1 |     2 ||     3
Armor: Skin              |     1 |     1 ||     2
Dodge: Dodged            |    14 |     9 ||    23
